AoeStats
← JasminePronk

Arena

508762875Analyzed
2v2 RM · 9d ago on Sep 23, 2026· 32m 26s· 4 players
Game mode
Random Map
Map size
Medium (4 player)
Population
200
Speed
Normal
Resources
Standard
Victory
Conquest
Starting age
Dark Age
Ending age
Imperial Age
RankedLock teamsTeams togetherTeam positionsShared explorationLock speedFull tech treeHidden civsTurbo modeCheats
Victory
Defeat
🇺🇸 Malians · United States
1265
+10
🇺🇸 Franks · United States
1032
+20
🇺🇸 Hindustanis · United States
1130
-15
🇺🇸 Danes · United States
1119
-15
Wallylee
9:20 Loom
11:06 Feudal Age
15:11 Castle Age
Scoobs (tcook)
9:32 Loom
11:18 Feudal Age
14:53 Bloodlines
17:08 Castle Age
15:35 Double-Bit Axe
15:50 Horse Collar
30:44 Bloodlines
30:40 Husbandry
UxorialBadger60
11:30 Feudal Age
9:48 Loom
15:29 Castle Age
13:20 Horse Collar
25:05 Double-Bit Axe
26:16 Forging
27:48 Bow Saw
31:06 Scale Mail Armor
31:42 Iron Casting
31:14 Squires
JasminePronk
3:01 Loom
11:20 Feudal Age
15:50 Castle Age
16:46 Double-Bit Axe
18:46 Wheelbarrow
20:03 Stone Mining
21:27 Gold Mining
23:51 Bow Saw
24:24 Hand Cart
25:06 Scale Mail Armor
25:17 Forging
24:58 Fletching
26:17 Gold Shaft Mining
27:01 Pikeman
30:01 Iron Casting
32:06 Imperial Age
Connection lost

Rejoining the realm…

Still unreachable

The connection could not be restored.

Session expired

The server has moved on; the page needs a fresh start.